 Dungeon Crawl Stone Soup version 0.25-a0-734-g73332aeda9 (webtiles) character file.

Game seed: 11818484750794960422, levelgen mode: classic

502 Amnesiac the Chiller (level 7, -2/50 HPs)
             Began as a Ghoul Ice Elementalist on Apr 10, 2020.
             Slain by a hippogriff (3 damage)
             ... on level 4 of the Dungeon.
             The game lasted 00:06:19 (1470 turns).

Amnesiac the Chiller (Ghoul Ice Elementalist)       Turns: 1470, Time: 00:06:20

Health: -2/50      AC:  2    Str: 12    XL:     7   Next: 17%
Magic:  3/11       EV: 12    Int: 12    God:
Gold:   88         SH:  0    Dex:  9    Spells: 5/13 levels left

rFire    . . .     SeeInvis .   (no weapon)
rCold    + . .     Gourm    .   (no shield)
rNeg     + + +     Faith    .   a - +0 robe
rPois    ∞         Spirit   .   (no helmet)
rElec    .         Reflect  .   (no cloak)
rCorr    .         Harm     +   (no gloves)
MR       .....                  (no boots)
Stlth    ++........             e - amulet of harm
HPRegen  0.00/turn              (no ring)
MPRegen  0.12/turn              (no ring)

@: frozen ramparts, rotting
A: rotting body, claws 1, carnivore, cold resistance 1, negative energy
resistance 3, inhibited regeneration, torment resistance, unbreathing
a: no special abilities


You were on level 4 of the Dungeon.
You were not hungry.

You visited 1 branch of the dungeon, and saw 4 of its levels.

You collected 88 gold pieces.

Inventory:

Armour
 a - a +0 robe (worn)
Jewellery
 e - an amulet of harm (around neck)
Scrolls
 d - a scroll of blinking {!r}
 k - a scroll of fog {!r, unknown}
 l - a scroll of fear {!r, unknown}
Potions
 b - a potion of stabbing {!q, unknown}
 f - a potion of degeneration {!q, unknown}
 g - a potion of ambrosia {!q, unknown}
 h - a potion of flight {!q, unknown}
 j - a potion of heal wounds {!q, unknown}
Comestibles
 c - 7 rations
 i - 2 chunks of flesh


   Skills:
 - Level 1.7 Dodging
 - Level 2.1 Stealth
 + Level 3.8 Spellcasting
 * Level 7.9 Ice Magic


You had 5 spell levels left.
You knew the following spells:

 Your Spells              Type           Power        Failure   Level  Hunger
a - Freeze                Ice            ###.         1%          1    #......
b - Frozen Ramparts       Ice            ###...       2%          3    ###....
c - Summon Ice Beast      Ice/Summ       ##......     41%         4    #####..

Your spell library contained the following spells:

 Spells                   Type           Power        Failure   Level  Hunger
 Ozocubu's Armour         Chrm/Ice       ##......     13%         3    ###....
 Hailstorm                Conj/Ice       ##......     41%         4    #####..


Dungeon Overview and Level Annotations

Branches:
Dungeon (4/15)
 Temple: D:4-7

Altars:
Yredelemnul

Annotations:
D:2 1 exclusion


Innate Abilities, Weirdness & Mutations

Your body is rotting away.
You thrive on raw meat.
You are immune to poison.
You have sharp fingernails.
You are carnivorous and can eat meat at any time.
Your flesh is cold resistant. (rC+)
You are immune to negative energy. (rN+++)
You do not regenerate when monsters are visible.
You are immune to unholy pain and torment.
You can survive without breathing.


Message History

The wall freezes the worker ant zombie but do no damage.
The worker ant zombie bites you.
You scratch the worker ant zombie.
The worker ant zombie is almost destroyed.
The wall freezes the leopard gecko!
You kill the leopard gecko!
The worker ant zombie resists.
The wall freezes the worker ant zombie.
You destroy the worker ant zombie!
Some of the chunks of flesh in your inventory have rotted away.
No target in view!
Things that are here:
a +0 leather armour; a +0 short sword; an adder skeleton The frozen ramparts melt away.
Some of the chunks of flesh in your inventory have rotted away.
You now have 88 gold pieces (gained 12).
Found a stone staircase leading down.
Search for what [? for help]? weap A hippogriff comes into view.
Casting: Frozen Ramparts (safe; 2% risk of failure)
Confirm with . or Enter, or press ? or * to list all spells.
The walls around you are covered in ice.
The hippogriff screeches!
The wall freezes the hippogriff.
The wall freezes the hippogriff.
The wall freezes the hippogriff.
Casting: Frozen Ramparts (safe; 2% risk of failure)
Confirm with . or Enter, or press ? or * to list all spells.
Aiming: Freeze (safe; 1% risk of failure)
Press: ? - help, Shift-Dir - straight line, f - hippogriff
Aim: a hippogriff (moderately wounded)
You freeze the hippogriff!
The hippogriff is heavily wounded.
The wall freezes the hippogriff.
The hippogriff bites you but does no damage.
The hippogriff pecks you. The hippogriff barely misses you.
Casting: Freeze (safe; 1% risk of failure)
Confirm with . or Enter, or press ? or * to list all spells.
Aiming: Freeze (safe; 1% risk of failure)
Press: ? - help, Shift-Dir - straight line, f/p - hippogriff
Aim: a hippogriff (heavily wounded)
You freeze the hippogriff.
The hippogriff is heavily wounded.
The wall freezes the hippogriff.
The hippogriff barely misses you. The hippogriff pecks you!
The hippogriff completely misses you.
Casting: Freeze (safe; 1% risk of failure)
Confirm with . or Enter, or press ? or * to list all spells.
Aiming: Freeze (safe; 1% risk of failure)
Press: ? - help, Shift-Dir - straight line, f/p - hippogriff
Aim: a hippogriff (heavily wounded)
You freeze the hippogriff.
The hippogriff is severely wounded.
The frozen ramparts melt away.
The hippogriff bites you!
* * * LOW HITPOINT WARNING * * *
The hippogriff pecks you!
* * * LOW HITPOINT WARNING * * *
The hippogriff claws you.
* * * LOW HITPOINT WARNING * * *
Casting: Freeze (safe; 1% risk of failure)
Confirm with . or Enter, or press ? or * to list all spells.
The walls around you are covered in ice.
The wall freezes the hippogriff.
The hippogriff bites you.
* * * LOW HITPOINT WARNING * * *
The hippogriff pecks you.
You die...

#..# #..# #..######
#.......# #.#####.#
#.# #.# #.# #.# .#
#.#####.########.#.
#.##...@H..........
#.##.#..>..........
##.##.#.####..[##.#.
##.#.#.#.# #...#
##.###..#.####...#
#.## ##.......[..#
##.###..##.####..#
##.#.#.##.# #..#
##.##.##.####..#


You could see a hippogriff.

Vanquished Creatures
  An ogre (D:4)
  4 orc priests
  4 orc wizards
  3 worker ants
  A worker ant zombie (D:4)
  4 adders
  An ooze (D:2)
  2 worms
  5 leopard geckos
  15 orcs
  5 bats
  A goblin (D:1)
  3 hobgoblins
  A kobold (D:2)
  2 quokkas
  2 frilled lizards
  A leopard gecko skeleton (D:4)
  2 rats
57 creatures vanquished.

Notes
Turn   | Place    | Note
-------+----------+-------------------------------------------
     0 | D:1      | Amnesiac the Ghoul Ice Elementalist began the quest for the
                  | Orb.
     0 | D:1      | Reached XP level 1. HP: 14/14 MP: 2/2
    49 | D:2      | Reached XP level 2. HP: 13/20 MP: 1/3
   119 | D:1      | Reached skill level 5 in Ice Magic
   259 | D:2      | Reached XP level 3. HP: 23/26 MP: 1/5
   264 | D:2      | Learned a level 3 spell: Frozen Ramparts
   481 | D:3      | Reached XP level 4. HP: 27/33 MP: 0/6
   640 | D:4      | Learned a level 4 spell: Summon Ice Beast
   675 | D:4      | Reached skill level 6 in Ice Magic
   675 | D:4      | Reached XP level 5. HP: 30/38 MP: 1/8
   835 | D:4      | Found a basalt altar of Yredelemnul.
   996 | D:4      | Reached XP level 6. HP: 43/45 MP: 2/9
   998 | D:4      | Reached skill level 7 in Ice Magic
  1193 | D:3      | Reached XP level 7. HP: 16/50 MP: 0/11
  1459 | D:4      | Noticed a hippogriff
  1470 | D:4      | HP: 1/50 [hippogriff (4)]
  1470 | D:4      | Slain by a hippogriff

Levels and vault maps discovered:
D:1:      heliophobic_arrival_battle_scene, layout_basic, minivault_4,
          minmay_hexomino_u4
D:2:      layout_rooms, due_unseen_surprise
D:3:      layout_basic, first_ration, minmay_checkerbox, uniq_terence
D:4:      layout_loops_ring, yredelemnul_altar_generic

Skill      XL: |  1  2  3  4  5  6 |
---------------+-------------------+-----
Spellcasting   | 2 3 |  3.8
Ice Magic      | 5 6 7 |  7.9
Dodging        | |  1.7
Stealth        | |  2.1

Action                   |  1- 3 |  4- 6 |  7- 9 || total
-------------------------+-------+-------+-------++-------
Melee: Unarmed           |     6 |    19 |    12 ||    37
       Hand axe          |    10 |     4 |       ||    14
 Cast: Freeze            |    33 |    36 |    11 ||    80
       Frozen Ramparts   |     1 |     9 |     5 ||    15
  Use: Scroll            |       |     2 |       ||     2
  Eat: Chunk             |     8 |    13 |    13 ||    34
Armor: Robe              |    19 |     1 |     3 ||    23
Dodge: Dodged            |    43 |    26 |    15 ||    84

Table legend:
 A = Non-vault XP
 B = Vault XP
 C = Vault XP percentage of total XP
 D = Non-vault monster count
 E = Vault monster count
 F = Vault count percentage of total count
                 A         B        C        D         E       F
            +---------+---------+-------+---------+---------+-------
      Total |     718 |       0 |   0.0 |      57 |       0 |   0.0
            +---------+---------+-------+---------+---------+-------
        D:1 |      18 |       0 |   0.0 |       4 |       0 |   0.0
        D:2 |      54 |       0 |   0.0 |      13 |       0 |   0.0
        D:3 |     191 |       0 |   0.0 |      16 |       0 |   0.0
        D:4 |     455 |       0 |   0.0 |      24 |       0 |   0.0
            +---------+---------+-------+---------+---------+-------
